 Dungeon Crawl Stone Soup version 0.20.0-8-g6b59dc7 (webtiles) character file.

29892 4thArraOfDagon the Fencer (level 13, -3/98 HPs)
             Began as a Barachi Fighter on June 2, 2017.
             Was an Elder of Cheibriados.
             Slain by a seven-headed hydra (5 damage)
             ... on level 13 of the Dungeon.
             The game lasted 00:33:13 (5144 turns).

4thArraOfDagon the Fencer (Barachi Fighter)         Turns: 5144, Time: 00:33:13

Health: -3/98      AC: 11    Str: 28    XL:     13   Next: 48%
Magic:  5/19       EV: 19    Int: 23    God:    Cheibriados [****..]
Gold:   1401       SH: 11    Dex: 22    Spells: 12/12 levels left

rFire    . . .     SeeInvis .   a - +1 long sword (vamp)
rCold    . . .     Gourm    .   c - +0 shield
rNeg     . . .     Faith    .   G - +0 troll leather armour
rPois    .         Spirit   .   t - +0 helmet
rElec    .         Reflect  .   (no cloak)
rCorr    .         Harm     .   (no gloves)
MR       .....                  M - +0 pair of boots
Stlth    ++........             (no amulet)
Regen    0.7/turn               r - +4 ring of protection
MPRegen  0.2/turn               j - +2 ring of evasion

@: slowed, drained, very slow
A: +LOS, swims, frail 1, mutation resistance 1, sense surroundings 1, slowness
1, MP-powered wands, strong legs 2
a: Hop, Bend Time, Temporal Distortion, Slouch, Renounce Religion


You were on level 13 of the Dungeon.
You worshipped Cheibriados.
Cheibriados was greatly pleased with you.
You were not hungry.

You visited 2 branches of the dungeon, and saw 15 of its levels.

You collected 1674 gold pieces.
You spent 273 gold pieces at shops.

Inventory:

Hand Weapons
 a - a +1 vampiric long sword (weapon)
 y - a +4 long sword of holy wrath
 R - a +0 blowgun
 S - a +0 club
 T - a +1 scimitar of flaming
Missiles
 o - a throwing net (quivered)
 V - 7 curare-tipped needles
Armour
 b - a +0 scale mail
 c - a +0 shield (worn)
 k - a scarf of spirit shield
 n - a +0 chain mail
 t - a +0 helmet (worn)
 G - a +0 troll leather armour (worn)
 I - the +1 robe "Zuczi" {rPois MR- rCorr Stlth-, unknown}
   (You took it off a crimson imp on level 11 of the Dungeon)

   It protects you from poison.
   It affects your resistance to hostile enchantments.
   It protects you from acid and corrosion.
   It makes you less stealthy.
 M - a +0 pair of boots (worn)
 U - a +0 chain mail of cold resistance
Jewellery
 e - an uncursed ring of protection from magic {unknown}
 j - a +2 ring of evasion (right hand)
 r - a +4 ring of protection (left hand)
 B - a cursed ring of loudness {unknown}
 C - an uncursed amulet of regeneration {unknown}
 J - an uncursed ring of protection from magic {unknown}
 K - a +3 ring of strength
 Y - an uncursed amulet of guardian spirit
Wands
 g - a wand of confusion (24/48)
 i - a wand of lightning (2/15)
 v - a wand of iceblast (0/15)
 w - a wand of lightning (2/15)
 F - a wand of iceblast (2/15)
 P - a wand of digging (16/24)
Scrolls
 q - 2 scrolls of enchant armour
 u - 3 scrolls of recharging
 D - 3 scrolls of identify
 O - 3 scrolls of remove curse
 W - a scroll of random uselessness
Potions
 d - 2 potions of might
 h - 2 potions of brilliance
 m - 4 potions of curing
 x - 3 potions of degeneration
 z - 4 potions of flight
 A - a potion of invisibility
 N - a potion of ambrosia
 Q - a potion of agility
 Z - a potion of heal wounds
Books
 E - a book of Cantrips

   Spells                             Type                      Level
   a - Confusing Touch                Hexes                        1
   b - Animate Skeleton               Necromancy                   1
   c - Summon Small Mammal            Summoning                    1
   d - Apportation                    Translocation                1
Miscellaneous
 X - a fan of gales
Comestibles
 f - 9 bread rations
 l - 7 royal jellies
 p - 5 fruits
 L - 4 meat rations


   Skills:
 + Level 12.7(12.0) Fighting
 * Level 16.6(15.8) Long Blades
 - Level 7.6(6.9) Armour
 + Level 9.6(8.9) Dodging
 - Level 3.2(2.6) Shields
 + Level 8.2(7.5) Invocations


You had 12 spell levels left.
You didn't know any spells.

Dungeon Overview and Level Annotations

Branches:
Dungeon (14/15)            Temple (1/1) D:5            Lair (0/6) D:10
    Orc (0/2) D:10
 Vaults: D:13-14

Altars:
Ashenzari
Cheibriados
Dithmenos
Gozag
Hepliaklqana
Nemelex Xobeh
Okawaru
Qazlal
Trog
Uskayaw
Xom
Zin

Shops:
D:7 (   D:9 !


Innate Abilities, Weirdness & Mutations

Shadows flee at your approach. (+LOS)
You can swim through water.
You cover ground slowly.
You can hop longer distances.
You are frail. (-10% HP)
You are somewhat resistant to further mutation.
You passively map a small area around you.
You expend magic power (3 MP) to strengthen your wands.


Message History

Evoke which item? (* to show all) (? for menu, Esc to quit)
Aiming: Iceblast
Press: ? - help, Shift-Dir - straight line The mass of ice explodes!
The iceblast engulfs the seven-headed hydra.
The seven-headed hydra is almost dead.
This wand has 2 charges left.
You block the seven-headed hydra's attack.
The seven-headed hydra completely misses you.
You block the seven-headed hydra's attack.
The seven-headed hydra completely misses you.
The seven-headed hydra bites you!
* * * LOW HITPOINT WARNING * * *
The seven-headed hydra barely misses you.
The seven-headed hydra bites you!
* * * LOW HITPOINT WARNING * * *
The shadow imp grinds its teeth.
The seven-headed hydra completely misses you.
The seven-headed hydra bites you.
You die...

, , #...#..##≈≈≈≈# *
,#... #...#...######. .
*..., #...#..........
,,.. .. #...#..........
...###'###...#..........,
.........#...#..........
...YY....#...##'###..###
.........#....'...#..# ,
........Y#@...#...# .#
.......5YD....#...# .., ,
#...#...Y#....#...# . * *
........#....#...#
#........#....+...# ,
.........#....#...#
.........########## ,
.......... * * .........5
*


You could see a seven-headed hydra, 2 yaks and a shadow imp.

Vanquished Creatures
  Josephine (D:13)
  A fire dragon (D:11)
  An ogre mage (D:11)
  2 hydras (D:11)
  Erolcha (D:10)
  6 two-headed ogres
  A deep troll earth mage (D:11)
  Sonja (D:10)
  2 unseen horrors
  A skeletal warrior (D:14)
  Pikel (D:4)
  An orc knight (D:11)
  2 cyclopes (D:12)
  4 ugly things
  A gargoyle (D:11)
  An efreet (D:10)
  A troll (D:11)
  A merfolk (D:13)
  Grinder (D:5)
  A wind drake (shapeshifter) (D:11)
  3 hippogriffs
  A slime creature (D:11)
  3 wraiths (D:13)
  A wyvern (D:6)
  36 yaks
  A hungry ghost (D:10)
  An acid dragon (D:11)
  A water moccasin (D:10)
  A soldier ant (D:11)
  A phantom (D:6)
  An ice beast (D:12)
  A sky beast (D:6)
  3 eyes of draining
  A necrophage (D:11)
  10 orc warriors
  5 boggarts (D:11)
  A black bear (D:9)
  10 ogres
  A crocodile (D:11)
  10 centaurs
  6 bullfrogs
  2 big kobolds
  Blork the orc (D:4)
  A gnoll sergeant (D:11)
  2 scorpions
  4 howler monkeys
  2 wights
  A bullfrog zombie (D:9)
  2 quasits
  8 crimson imps
  8 orc priests
  3 centaur zombies
  2 bullfrog skeletons
  5 hounds
  7 jellies
  16 orc wizards
  3 centaur skeletons
  An iguana (D:4)
  Jessica (D:3)
  5 worker ants
  A killer bee zombie (D:7)
  A centaur simulacrum (D:11)
  A hound zombie (D:6)
  2 worker ant zombies
  4 gnolls (D:8)
  11 adders
  2 shadow imps
  An adder skeleton (D:8)
  5 leopard geckos
  31 orcs
  2 bats
  3 giant cockroaches
  2 goblins (D:1)
  5 jackals
  2 ball pythons
  2 frilled lizards
  9 kobolds
  A leopard gecko zombie (D:7)
  2 rats (D:1)
290 creatures vanquished.

Vanquished Creatures (collateral kills)
  A bullfrog skeleton (D:6)
  An orc (D:6)
2 creatures vanquished.

Vanquished Creatures (others)
  A mummy (D:4)
  A leopard gecko (D:4)
  4 orcs
6 creatures vanquished.

Grand Total: 298 creatures vanquished

Notes
Turn   | Place    | Note
-------+----------+-------------------------------------------
     0 | D:1      | 4thArraOfDagon the Barachi Fighter began the quest for the Orb.
     0 | D:1      | Reached XP level 1. HP: 18/18 MP: 1/1
     0 | D:1      | murphy: but i can tell u naga is very high
    42 | D:1      | Reached XP level 2. HP: 21/25 MP: 2/2
   125 | D:1      | murphy: !charwort hNaIE
   125 | D:1      | 4thArraOfDagon: how much for naga?
   138 | D:1      | murphy: !charworth NaIE
   148 | D:1      | beem: 178
   187 | D:2      | Reached skill level 3 in Long Blades
   192 | D:2      | Reached XP level 3. HP: 28/30 MP: 3/3
   236 | D:3      | murphy: !charworth NaFi
   251 | D:3      | beem: 129
   260 | D:3      | murphy: !charworth BaFi
   271 | D:3      | Noticed Jessica
   271 | D:3      | beem: 114
   285 | D:3      | Killed Jessica
   285 | D:3      | Reached XP level 4. HP: 38/38 MP: 4/4
   305 | D:3      | murphy: well no big difference
   346 | D:5      | Entered Level 5 of the Dungeon
   356 | D:5      | Reached skill level 4 in Long Blades
   360 | D:5      | murphy: just suprised u don't choose chei anymore for highscore runs
   361 | D:5      | Reached XP level 5. HP: 4/43 MP: 5/5
   365 | D:5      | HP: 1/43 [worker ant zombie (4)]
   366 | D:5      | Reached skill level 5 in Fighting
   455 | D:5      | murphy: btw u can also gain a lot of points by winning a turncount speedrun game
   485 | D:6      | murphy: 3 runes that is
   489 | D:6      | Reached skill level 5 in Armour
   490 | D:6      | murphy: probably
   522 | D:6      | murphy: something below 20k would be good
   523 | D:6      | Noticed a sky beast
   530 | D:6      | Killed a sky beast
   530 | D:6      | Reached skill level 5 in Long Blades
   530 | D:6      | Reached XP level 6. HP: 26/51 MP: 1/6
   533 | D:6      | Gained mutation: You are somewhat resistant to further mutation. [mutagenic meat]
   534 | D:6      | Gained mutation: You passively map a small area around you. [mutagenic meat]
   559 | D:6      | Noticed a wyvern
   562 | D:6      | Killed a wyvern
   562 | D:6      | Reached skill level 6 in Long Blades
   562 | D:6      | Reached XP level 7. HP: 16/57 MP: 2/7
   589 | D:6      | murphy: i wanna do a highscore run for myself later
   618 | D:6      | murphy: which combo and god would u think is best?
   629 | D:5      | Found a shattered altar of Ashenzari.
   645 | D:5      | Found a hazy altar of Hepliaklqana.
   717 | D:6      | murphy: recently i was tinkering around ??EE
   729 | D:6      | murphy: EE is very strong with Sandblast
   825 | D:7      | Found Feobaos's Weapon Shoppe.
   887 | D:7      | Reached skill level 7 in Long Blades
   905 | D:7      | Reached XP level 8. HP: 57/65 MP: 6/8
  1047 | D:7      | Reached skill level 8 in Long Blades
  1222 | D:4      | Noticed Blork the orc
  1249 | D:4      | Noticed Pikel
  1251 | D:4      | Killed Blork the orc
  1276 | D:4      | Killed Pikel
  1276 | D:4      | Reached skill level 9 in Long Blades
  1282 | D:4      | BLOAX: if you're going for score then earlygame power isn't the important part
  1320 | D:4      | Reached XP level 9. HP: 37/73 MP: 6/9
  1463 | D:5      | Found a staircase to the Ecumenical Temple.
  1470 | Temple   | Entered the Ecumenical Temple
  1505 | Temple   | Became a worshipper of Cheibriados the Contemplative
  1542 | D:5      | Noticed Grinder
  1554 | D:5      | Killed Grinder
  1554 | D:5      | Reached skill level 10 in Long Blades
  1554 | D:5      | Reached skill level 1 in Dodging
  1670 | D:6      | Reached skill level 1 in Invocations
  1865 | D:8      | Noticed a two-headed ogre
  1871 | D:8      | Killed a two-headed ogre
  1921 | D:8      | Reached skill level 11 in Long Blades
  2002 | D:8      | Reached * piety under Cheibriados
  2057 | D:8      | BLOAX: skalds are pretty lousy early on, but the turn savings from having the regeneration spell available in your starting book are pretty high
  2151 | D:8      | Reached XP level 10. HP: 66/83 MP: 8/12
  2158 | D:9      | Found a snail-covered altar of Cheibriados.
  2210 | D:9      | BLOAX: oh my a vamp sword with a shield character
  2213 | D:9      | BLOAX: gachiGASM
  2406 | D:9      | Reached skill level 12 in Long Blades
  2454 | D:9      | Reached ** piety under Cheibriados
  2486 | D:9      | Found Gunauwex's Distillery.
  2509 | D:9      | Bought a potion of might for 52 gold pieces
  2509 | D:9      | Bought a potion of heal wounds for 65 gold pieces
  2509 | D:9      | Bought a potion of agility for 52 gold pieces
  2509 | D:9      | Bought a potion of brilliance for 52 gold pieces
  2509 | D:9      | Bought a potion of curing for 39 gold pieces
  2526 | D:9      | Found a glowing silver altar of Zin.
  2607 | D:8      | Reached skill level 5 in Dodging
  2618 | D:8      | Noticed a two-headed ogre
  2635 | D:8      | Killed a two-headed ogre
  2737 | D:10     | Entered Level 10 of the Dungeon
  2739 | D:10     | Noticed Sonja
  2764 | D:10     | Found a staircase to the Orcish Mines.
  2775 | D:9      | Reached skill level 10 in Fighting
  2785 | D:9      | Reached *** piety under Cheibriados
  2785 | D:9      | Reached XP level 11. HP: 50/90 MP: 6/14
  2816 | D:9      | Bought a potion of degeneration for 13 gold pieces
  2855 | D:9      | Reached skill level 13 in Long Blades
  2971 | D:10     | Noticed Erolcha
  2980 | D:10     | Killed Erolcha
  3002 | D:10     | Reached skill level 5 in Invocations
  3021 | D:10     | BLOAX: maybe bend time?
  3022 | D:10     | BLOAX: ye
  3041 | D:10     | Reached **** piety under Cheibriados
  3196 | D:10     | Reached skill level 14 in Long Blades
  3266 | D:10     | Noticed a two-headed ogre
  3280 | D:10     | Killed a two-headed ogre
  3284 | D:10     | Found a staircase to the Lair.
  3301 | D:10     | Killed Sonja
  3357 | D:10     | Reached XP level 12. HP: 99/100 MP: 16/16
  3548 | D:11     | Noticed an eight-headed hydra
  3556 | D:11     | Killed an eight-headed hydra
  3737 | D:11     | Reached ***** piety under Cheibriados
  3764 | D:11     | Noticed a two-headed ogre
  3773 | D:11     | Killed a two-headed ogre
  3773 | D:11     | Reached skill level 15 in Long Blades
  4034 | D:11     | Gained mutation: You are frail. (-10% HP) [mutagenic meat]
  4035 | D:11     | Noticed a fire dragon
  4053 | D:11     | Killed a fire dragon
  4055 | D:11     | Noticed an ogre mage
  4064 | D:11     | Killed an ogre mage
  4084 | D:11     | Noticed a deep troll earth mage
  4143 | D:11     | BLOAX: might as well drop the scarf of stealing your mp
  4150 | D:11     | Killed a deep troll earth mage
  4159 | D:11     | BLOAX: mp is far too precious with chei : (
  4188 | D:11     | Noticed a two-headed ogre
  4202 | D:11     | Killed a two-headed ogre
  4206 | D:11     | Got a tattered robe
  4226 | D:11     | Noticed a five-headed hydra
  4226 | D:11     | Noticed a two-headed ogre
  4240 | D:11     | Killed a two-headed ogre
  4256 | D:11     | HOw
  4263 | D:11     | Killed a five-headed hydra
  4263 | D:11     | Gained mutation: You can hop longer distances. [Barachi growth]
  4263 | D:11     | Reached XP level 13. HP: 78/97 MP: 9/18
  4294 | D:11     | Reached skill level 16 in Long Blades
  4461 | D:11     | Gained mutation: You expend magic power (3 MP) to strengthen your wands. [mutagenic meat]
  4800 | D:13     | Found an iron altar of Okawaru.
  5093 | D:13     | Noticed Josephine
  5128 | D:13     | Killed Josephine
  5144 | D:13     | HP: 2/98 [seven-headed hydra (8)]
  5144 | D:13     | Slain by a seven-headed hydra

Skill      XL: |  1  2  3  4  5  6  7  8  9 10 11 12 13 |
---------------+----------------------------------------+-----
Fighting       | 4 5 6 7 9 10 11 12 | 12.7
Armour         | 4 5 6 7 |  7.6
Long Blades    | 3 4 5 6 7 9 11 12 14 15 16 | 16.6
Dodging        | 3 5 7 9 |  9.6
Invocations    | 2 4 6 7 8 |  8.2
Shields        | |  3.2

Action                   |  1- 3 |  4- 6 |  7- 9 | 10-12 | 13-15 || total
-------------------------+-------+-------+-------+-------+-------++-------
Melee: Long sword        |    62 |    31 |   290 |   824 |   228 ||  1435
Throw: Throwing net      |       |       |       |     2 |     1 ||     3
Invok: Bend Time         |       |       |       |     4 |       ||     4
       Slouch            |       |       |       |     5 |     1 ||     6
       Temporal Distorti |       |       |       |     2 |       ||     2
Evoke: Wand              |       |       |    14 |    15 |     6 ||    35
  Use: Potion            |       |     5 |     2 |     7 |       ||    14
       Scroll            |       |     4 |     9 |    14 |     4 ||    31
 Stab: Confused          |       |       |     1 |       |       ||     1
       Held in net/web   |       |       |       |     2 |       ||     2
  Eat: Chunk             |       |     3 |     1 |    10 |     8 ||    22
       Meat ration       |       |       |     1 |       |       ||     1
       Bread ration      |       |       |       |     1 |       ||     1
Armor: Scale mail        |    15 |       |       |       |       ||    15
       Chain mail        |     8 |    24 |   125 |   252 |       ||   409
       Skin              |       |       |       |    80 |       ||    80
       Troll leather arm |       |       |       |     5 |    63 ||    68
Dodge: Dodged            |    20 |     5 |    75 |   338 |   141 ||   579
Block: Shield            |    34 |    19 |    90 |   412 |   103 ||   658
       Rpst.: Long sword |     7 |     5 |    14 |    88 |    36 ||   150
